 Dungeon Sprint DCSS version 0.25.1-2-g60ff931df9 (webtiles) character file.

Game seed: 8162167037845890893

720 raphialitos the Protected (level 7, -2/73 HPs)
             Began as a Minotaur Fighter on Oct 6, 2020.
             Was an Initiate of Okawaru.
             Slain by a sun demon (13 damage)
             ... summoned by a kobold demonologist
             ... in the Dungeon (Sprint I: "Red Sonja").
             The game lasted 00:03:06 (479 turns).

raphialitos the Protected (Minotaur Fighter)         Turns: 479, Time: 00:03:06

Health: -2/73      AC: 16    Str: 22    XL:     7   Next: 42%
Magic:  6/6        EV:  8    Int:  5    God:    Okawaru [......]
Gold:   17         SH:  0    Dex: 10    Spells: 6/6 levels left

rFire    . . .     SeeInvis .   d - +0 scythe (protect)
rCold    + . .     Gourm    .   (shield currently unavailable)
rNeg     . . .     Faith    .   n - +1 plate armour "Zerudeq" {*Drain rC+ Regen+} (curse)
rPois    .         Spirit   .   (helmet restricted)
rElec    .         Reflect  .   (no cloak)
rCorr    .         Harm     .   (no gloves)
MR       .....     NoTele   +   (no boots)
Stlth    ..........             (no amulet)
HPRegen  0.62/turn              (no ring)
MPRegen  0.10/turn              (no ring)

@: no status effects
A: retaliatory headbutt, horns 2
a: Renounce Religion


You were in the Dungeon.
You worshipped Okawaru.
Okawaru was noncommittal.
You were not hungry.

You visited 1 branch You collected 351 gold pieces.
You spent 334 gold pieces at shops.

Inventory:

Hand Weapons
 a - a +0 long sword
 d - a +0 scythe of protection (weapon)
Armour
 b - a +0 scale mail
 c - a +0 kite shield
 n - the cursed +1 plate armour "Zerudeq" (worn) {*Drain rC+ Regen+}
   (You bought it in a shop in the Dungeon)

   It protects you from cold.
   It increases your rate of regeneration.
   It causes draining when unequipped.
   It has a curse placed upon it.
Scrolls
 k - a scroll of blinking
Potions
 e - a potion of curing
 g - a potion of heal wounds
 h - a potion of haste
 i - 2 potions of magic
 j - a potion of berserk rage
 m - a potion of degeneration {unknown}
Comestibles
 f - a ration
 l - 4 chunks of flesh


   Skills:
 + Level 10.5 Fighting
 + Level 9.2 Long Blades
 + Level 11.0 Armour
 + Level 3.7 Dodging
 + Level 9.4 Shields


You had 6 spell levels left.
You didn't know any spells.
Your spell library was empty.

Dungeon Overview and Level Annotations

Branches:
Dungeon (1/1)

Altars:
Cheibriados
Dithmenos
Elyvilon
Fedhas
Gozag
Hepliaklqana
Kikubaaqudgha
Makhleb
Nemelex Xobeh
Okawaru
Qazlal
Ru
Sif Muna
Trog
Uskayaw
Vehumet
Wu Jian
Xom
Yredelemnul
Zin
The Shining One
Jiyva
Lugonu

Shops:
D [


Innate Abilities, Weirdness & Mutations

You reflexively headbutt those who attack you in melee.
You have a pair of horns on your head.


Message History

Unknown command.
Unknown command.
Your plate armour "Zerudeq" prevents you from hitting the crimson imp.
The crimson imp closely misses you.
The kobold demonologist casts a spell.
The crimson imp hits you but does no damage.
You slice the floating eye!!
Your weapon exudes an aura of protection.
You kill the floating eye!
Okawaru is honoured by your kill.
Your Long Blades skill increases to level 9!
Your Armour skill increases to level 11!
The crimson imp barely misses you.
The sun demon hits you but does no damage.
The kobold demonologist casts a spell.
The crimson imp hits you but does no damage.
You closely miss the sun demon. The sun demon hits you!
* * * LOW HITPOINT WARNING * * *
You are engulfed in flames!
You die...

######################
..)..#.['..#__#.53K35#
).#..'..#..'^.'.@#35§#
####+#####'#__####K5.+
### #...#.#### ####
__####..##[#
_____##'#_.+
_.∩...÷..._#
_..__##_.#+#
_____###+# ######


You could see a sun demon (summoned), a kobold demonologist, a sixfirhy
(summoned, wandering), a crimson imp (summoned) and a white imp (summoned).

Vanquished Creatures
  A slime creature (D)
  Sigmund (D)
  A yak (D)
  A floating eye (D)
  An ogre (D)
  A jelly (D)
  Ijyb (D)
7 creatures vanquished.

Notes
Turn   | Place    | Note
-------+----------+-------------------------------------------
     0 | D        | raphialitos the Minotaur Fighter began the quest for the
                  | Orb.
     0 | D        | Reached XP level 1. HP: 19/19 MP: 0/0
     1 | D        | Noticed Ijyb
    25 | D        | Killed Ijyb
    25 | D        | Reached skill level 5 in Fighting
    25 | D        | Reached skill level 5 in Armour
    25 | D        | Reached XP level 2. HP: 10/29 MP: 1/1
   230 | D        | Noticed an ogre
   233 | D        | Killed an ogre
   233 | D        | Reached skill level 5 in Long Blades
   233 | D        | Reached skill level 6 in Armour
   233 | D        | Reached skill level 1 in Dodging
   233 | D        | Reached XP level 3. HP: 38/38 MP: 2/2
   233 | D        | Reached XP level 4. HP: 45/45 MP: 3/3
   237 | D        | Noticed Sigmund
   243 | D        | Killed Sigmund
   243 | D        | Reached skill level 8 in Armour
   243 | D        | Reached XP level 5. HP: 49/56 MP: 4/4
   243 | D        | Reached XP level 6. HP: 55/62 MP: 5/5
   252 | D        | Found an ornate altar of the Wu Jian Council.
   252 | D        | Found a shimmering blue altar of Sif Muna.
   254 | D        | Found a radiant altar of Vehumet.
   257 | D        | Reached skill level 9 in Armour
   261 | D        | Found Gousuo Kyeg's Armour Emporium.
   261 | D        | Found an ancient bone altar of Kikubaaqudgha.
   261 | D        | Found a hazy altar of Hepliaklqana.
   261 | D        | Found a stormy altar of Qazlal.
   261 | D        | Found a hide-covered altar of Uskayaw.
   261 | D        | Found a blossoming altar of Fedhas.
   261 | D        | Found a bloodstained altar of Trog.
   261 | D        | Found an iron altar of Okawaru.
   261 | D        | Found a basalt altar of Yredelemnul.
   261 | D        | Found a glowing golden altar of the Shining One.
   261 | D        | Found a snail-covered altar of Cheibriados.
   261 | D        | Found a sacrificial altar of Ru.
   261 | D        | Found a glowing silver altar of Zin.
   261 | D        | Found a shadowy altar of Dithmenos.
   261 | D        | Found a white marble altar of Elyvilon.
   261 | D        | Noticed a yak
   262 | D        | Killed a yak
   262 | D        | Reached skill level 10 in Armour
   263 | D        | Found an opulent altar of Gozag.
   273 | D        | Found a viscous altar of Jiyva.
   273 | D        | Found a corrupted altar of Lugonu.
   273 | D        | Noticed a slime creature
   277 | D        | Killed a slime creature
   277 | D        | Reached skill level 10 in Fighting
   277 | D        | Reached XP level 7. HP: 54/72 MP: 6/6
   358 | D        | Found a burning altar of Makhleb.
   358 | D        | Found a shimmering altar of Xom.
   385 | D        | Found a sparkling altar of Nemelex Xobeh.
   391 | D        | Became a worshipper of Warmaster Okawaru
   435 | D        | Bought the cursed +1 plate armour "Zerudeq" {*Drain rC+
                  | Regen+} for 334 gold pieces
   467 | D        | Noticed a kobold demonologist
   467 | D        | Noticed a kobold demonologist
   469 | D        | Noticed a sun demon
   469 | D        | Paralysed by a floating eye for 4 turns
   470 | D        | Noticed a sixfirhy
   473 | D        | Paralysed by a floating eye for 4 turns
   478 | D        | Reached skill level 11 in Armour
   479 | D        | Noticed a sixfirhy
   479 | D        | Slain by a sun demon

Illustrated notes

Levels and vault maps discovered:
D:        dungeon_sprint_1 [red_sonja_temple_1, red_sonja_temple_small_1]

Skill      XL: |  1  2  3  4  5  6  7 |
---------------+----------------------+-----
Fighting       | 5 6 8 10 | 10.5
Long Blades    | 3 5 6 8 9 |  9.2
Armour         | 5 6 8 10 11 | 11.0
Shields        | 4 6 7 9 |  9.4
Dodging        | 1 2 3 |  3.7

Action                   |  1- 3 |  4- 6 |  7- 9 || total
-------------------------+-------+-------+-------++-------
Melee: Long sword        |    25 |    11 |       ||    36
       Headbutt          |     6 |     5 |       ||    11
       Scythe            |       |       |     5 ||     5
  Use: Potion            |     1 |       |       ||     1
Armor: Scale mail        |     9 |     4 |     1 ||    14
       Plate armour      |       |       |     8 ||     8
Dodge: Dodged            |     4 |     4 |     5 ||    13
Block: Kite shield       |     8 |     1 |       ||     9
       Rpst.: Long sword |     2 |     3 |       ||     5
